[Event "Silves Open 2025"]
[Site "Fissul"]
[Date "2025.03.03"]
[Round "3.19"]
[White "Esteves, Goncalo Maria Franco"]
[Black "Munno Moyano, Mario"]
[Result "1-0"]
[Annotator "TA"]
[ECO "A29"]
[WhiteElo "1962"]
[BlackElo "1755"]
[PlyCount "35"]
[EventDate "2025.03.03"]
[EventType "swiss"]
[EventCountry "POR"]
[SourceTitle "playchess.com"]
[Source "ChessBase"]
[SourceQuality "1"]
[TimeControl "5400+30"]

1. c4 Nf6 2. Nc3 e5 3. Nf3 Nc6 4. g3 Bb4 5. Nd5 a5 6. a3 {[%emt 0:00:30] A29: English Opening: Four Knights Variation with 4 g3.} Bc5 7. Bg2 d6 8. d3 {[%emt 0:00:30] The position is equal.} Nxd5 9. cxd5 Nb8 $146 (9... Ne7 10. d4 exd4 11. Nxd4 O-O 12. O-O Bg4 13. h3 Bd7 14. e4 f5 15. Kh2 fxe4 16. Bxe4 {½-½ Tonic,M (2036)-Mladenovic,S (2359) SRB-chT Central 2024 (8.5)}) 10. e4 (10. d4 $14 exd4 11. Bg5 (11. Nxd4 a4 $14)) 10... O-O 11. O-O Bg4 12. h3 Bxf3 13. Qxf3 a4 14. Be3 Na6 15. h4 Qd7 16. h5 Rae8 (16... h6 $11) 17. h6 $14 {[%emt 0:00:30] hxg7 would now be deadly.} g6 {[%emt 0:00:30][%mdl 8192] [#]} (17... f5 $11) 18. Qf6 {[%emt 0:00:30] Weighted Error Value: White=0.13 (very precise) /Black=0.60  Loses game:     	---       	Black=1      Mistake:       	White=1     	Black=1      Inaccurate:     	White=1     	Black=2      OK:         	---       	Black=4      Best:        	White=2     	---} 1-0

[Event "Silves Open 2025"]
[Site "Fissul"]
[Date "2025.03.03"]
[Round "3.20"]
[White "Ramos, Vitorino"]
[Black "Moldovan, Lucas Gabriel"]
[Result "0-1"]
[Annotator "TA"]
[ECO "B23"]
[WhiteElo "1792"]
[BlackElo "1992"]
[PlyCount "62"]
[EventDate "2025.03.03"]
[EventType "swiss"]
[EventCountry "POR"]
[SourceTitle "playchess.com"]
[Source "ChessBase"]
[SourceQuality "1"]
[TimeControl "5400+30"]

1. e4 c5 2. Nc3 a6 3. a4 e6 4. f4 Nc6 5. Nf3 d5 6. e5 {[%emt 0:00:30] B23: Closed Sicilian: Lines without g3.} (6. d3 $5) 6... Be7 7. g3 h5 8. h3 (8. d4 $11) 8... Nh6 $17 9. Qe2 $146 (9. Ne2 $17) (9. Bg2 Nf5 10. Ne2 Ncd4 11. Nfxd4 cxd4 12. d3 g5 13. Bf3 gxf4 14. Bxf4 Bg5 15. Qd2 {1-0 Jacel,L (1945)-Smieja,A Tarnowskie Gory Piasta Memorial 5th 2007 (2)}) 9... Nf5 $19 {[%emt 0:00:30][%cal Oc6d4] [#]} 10. Qf2 Nfd4 (10... Nb4 $19 11. d3 Bd7) 11. d3 $17 Nxf3+ 12. Qxf3 Nd4 13. Qf2 Nf5 14. Ne2 Bd7 15. Bg2 Rc8 16. c3 (16. O-O $15) 16... c4 {[%emt 0:00:30] Black is more active.} 17. dxc4 (17. d4 $17) 17... Rxc4 $19 18. b3 Rc8 (18... Bc5 $19 19. Qf3 (19. Qf1 Nxg3 20. Nxg3 Rxc3 $17) 19... Re4) 19. b4 (19. Be3 $17) 19... a5 20. Bd2 Rc4 21. b5 Rh6 (21... Qc7 $19 22. Qf3 Bc5) 22. Nd4 $2 {[%emt 0:00:30] [#]} (22. Be3 $17) 22... Nxg3 $1 23. Rg1 (23. Qxg3 $2 Bh4 $19) 23... Ne4 (23... Rg6 $142 {Hoping for ...Qc7.} 24. Kd1 (24. Bxd5 $2 exd5 25. Qh2 h4 $19) 24... Bc5) 24. Qf3 $2 (24. Bxe4 {was the crucial defense.} Bh4 (24... dxe4 25. Rxg7 Rh8 26. Qe3 $11) 25. Bd3 Bxf2+ 26. Kxf2) 24... Bh4+ {[%emt 0:00:30] Black is clearly winning.} 25. Kd1 Bf2 26. Rf1 (26. Ne2 $142 Bxg1 27. Nxg1) 26... Bxd4 27. cxd4 Rxd4 28. Ra2 Nxd2 29. Rxd2 Rxa4 30. f5 Ra1+ 31. Ke2 Bxb5+ {[%emt 0:00:30] Weighted Error Value: White=0.87/Black=0.26 (precise)   Loses game:     	White=1     	---        Mistake:       	White=7     	Black=4      Inaccurate:     	---       	Black=2      OK:         	White=8     	Black=7      Best:        	---       	Black=1} 0-1

[Event "Silves Open 2025"]
[Site "Fissul"]
[Date "2025.03.03"]
[Round "3.21"]
[White "Sanchez Guirado, Francisco"]
[Black "Crow, Steve"]
[Result "0-1"]
[Annotator "TA"]
[ECO "A10"]
[WhiteElo "2286"]
[BlackElo "1742"]
[PlyCount "73"]
[EventDate "2025.03.03"]
[EventType "swiss"]
[EventCountry "POR"]
[SourceTitle "playchess.com"]
[Source "ChessBase"]
[SourceQuality "1"]
[TimeControl "5400+30"]

1. c4 f5 2. b4 a5 (2... d6 3. Bb2 e5 4. e3 Nf6 5. d4 e4 6. d5 g6 7. Ne2 Bg7 8. Nf4 O-O 9. h4 Qe8 10. Be2 a5 11. b5 Nh5 12. Bxg7 Nxg7 {1-0 Carlsen,M (2835)-Vlassov,N (2401) Wch Rapid St Petersburg 2018 (4)}) 3. b5 e5 4. Bb2 d6 5. g3 c6 6. Bg2 {[%emt 0:01:39] A10: English Opening: Unusual Replies for Black.} Nf6 7. Nf3 e4 8. Nd4 {[%emt 0:01:21] White is slightly better.} d5 9. cxd5 Qxd5 10. bxc6 Nxc6 11. Nxc6 Qxc6 12. O-O Be7 13. d3 Qb6 14. Be5 (14. Qc2 $16) 14... O-O (14... Ng4 $11 15. Bxg7 Rg8) 15. e3 (15. dxe4 $14 Qe6 16. Qb3 fxe4 17. Nc3) 15... Rd8 16. Bd4 $1 Qe6 17. Nc3 exd3 (17... Bd7 $1 $11) 18. Qxd3 $16 Bc5 19. Nb5 Bd6 {[%emt 0:05:08] Repels Nc7} (19... Qf7 $16) 20. Nxd6 (20. Bxf6 Qxf6 21. Rad1 Ra6 22. Qb3+ Kh8 $16) (20. Rfc1 $18) 20... Rxd6 21. Qb5 Ne4 22. Qb2 Qf7 23. Be5 ({White should play} 23. Rab1 $16) 23... Rc6 24. Rac1 Be6 25. a3 Rac8 26. Rxc6 Rxc6 27. Rd1 $36 {[%emt 0:00:00][%mdl 2048] White is more active.} Qe7 {[%emt 0:00:29] [#] Dodges Rd8+} (27... h6 $14) 28. Rb1 $2 (28. Bxg7 $1 $18 {aiming for Bxe4.} Bc4 29. g4) 28... Rc5 ({Black should play} 28... Bd5 $14) 29. Bd4 $1 {[%emt 0:00:42] A strong pair of Bishops.} (29. Qxb7 $2 {loses.} Qxb7 30. Rxb7 Rc1+ (30... Rxe5 $2 31. Ra7 $19) 31. Bf1 Bc4 32. Rxg7+ Kf8 $19) 29... Rc7 30. Bb6 Rc3 $2 (30... Rd7 $16) 31. Bxe4 $18 (31. Bxa5 Rb3 32. Qc2 Qxa3 $11) 31... Rb3 32. Qe5 {[%emt 0:00:51] [#]} Rxb1+ 33. Bxb1 Qd7 34. Bd4 Kf8 35. Bd3 g6 36. Bb5 Qd5 37. Qg7# {[%emt 0:00:14][%mdl 32768] Weighted Error Value: White=0.24 (precise) /Black=0.83 Loss on time!?  Loses game:     	---       	Black=2      Missed win:     	White=1     	---        Mistake:       	White=4     	Black=4      Inaccurate:     	White=2     	Black=4      OK:         	White=6     	Black=5      Best:        	White=2     	Black=1      Strong:       	White=2     	---} 0-1

[Event "Silves Open 2025"]
[Site "Fissul"]
[Date "2025.03.03"]
[Round "3.24"]
[White "Jeremias, Damaim"]
[Black "Santos, Joao Artur Almeida"]
[Result "0-1"]
[Annotator "TA"]
[ECO "E11"]
[WhiteElo "1690"]
[BlackElo "1950"]
[PlyCount "74"]
[EventDate "2025.03.03"]
[EventType "swiss"]
[EventCountry "POR"]
[SourceTitle "playchess.com"]
[Source "ChessBase"]
[SourceQuality "1"]
[TimeControl "5400+30"]

1. Nf3 Nf6 2. d4 e6 3. c4 Bb4+ 4. Bd2 Qe7 5. a3 Bxd2+ 6. Nbxd2 a5 7. g3 d6 8. Bg2 Nc6 9. O-O O-O 10. Re1 {[%emt 0:02:47] E11: Bogo-Indian.} a4 11. Rc1 e5 12. dxe5 $146 (12. e3 $11) (12. d5 Nb8 13. Ng5 Nbd7 14. Qc2 h6 15. Nge4 Nxe4 16. Bxe4 Nc5 17. Bh7+ Kh8 18. Bf5 Bxf5 19. Qxf5 {0-1 Gaber,L (1499)-Golob,H (1889) Sentjur Ipavec Memorial 9th 2008 (2)}) 12... dxe5 $15 13. Qc2 (13. e3 $15) 13... e4 $17 14. Ng5 {[%emt 0:05:49] [#]} e3 {[%emt 0:00:14] Black plays in the center} 15. Nde4 Bf5 (15... Nxe4 $142 16. Nxe4 Bf5) 16. f3 (16. Nxf6+ $2 Qxf6 17. Qc3 exf2+ (17... Qxg5 $2 18. f4 $19) 18. Kxf2 Qxg5 $19) 16... Nxe4 17. Nxe4 Rfd8 18. Qc3 Bxe4 {[%emt 0:00:20] Successful Defense Black} 19. fxe4 {[%emt 0:00:00] White is weak on the dark squares} Qc5 $36 {[%emt 0:00:06][%mdl 2048] Keeping White busy. Black is more active.} 20. Rcd1 Ne5 $2 ({Black should try} 20... Rd2 $19 {Hoping for ...Rad8.} 21. e5 Nxe5) 21. Rd5 $11 Rxd5 (21... Qxc4 $2 {too greedy.} 22. Qxe5 (22. Rxe5 Qxc3 23. bxc3 Kf8 $18) 22... c6 23. Rxd8+ Rxd8 24. Qe7 $18) 22. cxd5 {[%emt 0:00:00] This costs White the game.} (22. exd5 $11 {and White has nothing to worry.} Nxc4 23. d6 cxd6 24. Rc1) 22... Qxc3 $19 23. bxc3 $11 {[%emt 0:00:00][%mdl 4096] Endgame KRB-KRN} Nc4 24. Ra1 Ra6 (24... Kf8 $19 25. e5 Nxe5) 25. Kf1 (25. e5 $17) 25... Rb6 26. Ke1 {[%emt 0:00:00] [#]} Nxa3 $1 27. Kd1 {[%emt 0:00:00] Dodges Nc2} Nc4 28. Kc2 $2 (28. e5) 28... Rb2+ $19 29. Kd3 b5 30. Kd4 Rxe2 31. Bf3 Rd2+ 32. Kc5 Ne5 33. Bd1 {[%emt 0:00:00] [#]} Rxd1 $1 34. Rxd1 e2 35. Rb1 a3 36. Kd4 {[%emt 0:00:00] [#]} e1=Q $1 37. Rxb5 (37. Rxe1 Nf3+) 37... f6 {[%emt 0:00:00] Weighted Error Value: White=0.99/Black=0.21 (precise)   Loses game:     	White=1     	---        Mistake:       	White=4     	Black=3      Inaccurate:     	White=5     	---        OK:         	White=6     	Black=8      Best:        	White=1     	Black=3} 0-1

[Event "Silves Open 2025"]
[Site "Fissul"]
[Date "2025.03.03"]
[Round "3.25"]
[White "Leal, Jose Alberto"]
[Black "Peixoto, Helio Ricardo Soutin"]
[Result "1-0"]
[Annotator "TA"]
[ECO "A48"]
[WhiteElo "1688"]
[BlackElo "1918"]
[PlyCount "96"]
[EventDate "2025.03.03"]
[EventType "swiss"]
[EventCountry "POR"]
[SourceTitle "playchess.com"]
[Source "ChessBase"]
[SourceQuality "1"]
[TimeControl "5400+30"]

1. Nf3 Nf6 2. d4 g6 3. b3 Bg7 4. Bb2 O-O 5. e3 c5 6. Be2 Nc6 7. O-O cxd4 8. exd4 d5 9. h3 {[%emt 0:00:30] A48: 1 d4 Nf6 2 Nf3 g6: Torre, London and Colle Systems.} Ne4 10. Nbd2 (10. Na3 $11) 10... Bf5 11. Nxe4 $146 {[%emt 0:00:30] Black has an edge.} (11. Bd3 Nb4 12. Bxe4 dxe4 13. Nh4 Bxd4 14. c3 Bf6 15. Nxf5 gxf5 16. cxb4 Bxb2 17. Rb1 Bg7 {0-1 Remolar Gallen,J (2305)-Hnydiuk,A (2394) Titled Tuesday intern op 10th May Late blitz 2022 (7)}) 11... dxe4 12. Ne5 Nxe5 13. dxe5 Qc7 14. g4 (14. Bc4 $15) 14... Rfd8 (14... Bxe5 15. Bxe5 Qxe5 16. gxf5 $16) 15. Qc1 Be6 16. c4 Bxe5 17. Bxe5 Qxe5 18. Qe3 f5 19. f4 Qd4 20. Kf2 Rd7 (20... Qf6 21. Rad1 Rac8) 21. g5 ({White should play} 21. Qxd4 Rxd4 22. Rfd1 Rxd1 23. Rxd1) 21... Rad8 (21... Qb2 $17 {And now ...Rad8 would win.} 22. Rfb1 Qa3) 22. Qxd4 $1 $15 Rxd4 23. Rfd1 Kf7 24. Ke3 R4d7 25. Rxd7 Rxd7 {[%emt 0:00:30][%mdl 4096] Endgame KRB-KRB. Black is a pawn up.} 26. Rd1 b6 27. Rxd7 Bxd7 $11 {[%emt 0:00:30] KB-KB. Black is a pawn up.} 28. Kd4 Ke6 29. h4 Kd6 30. Bf1 Bc6 31. Be2 Bd7 32. Bf1 Kc6 33. Be2 a6 34. a4 (34. b4 $15) 34... Be6 (34... a5 $17 35. h5 Kd6) 35. b4 $15 a5 36. b5+ Kd6 37. Bf1 Bc8 38. Be2 Bb7 39. Bf1 e3 40. Kxe3 Kc5 41. Kd3 (41. Be2 $17) 41... Kb4 $2 ({Black should try} 41... Be4+ $19 42. Kc3 Bf3) 42. Kd4 {[%emt 0:00:30] [#]} (42. Be2 $1 $11) 42... Kxa4 $2 {[%emt 0:00:30][%mdl 8192] [#]} (42... Bf3 $1 $17 {stays on course.}) 43. c5 $2 (43. Kc3 $1 $18 e6 44. c5) 43... bxc5+ $2 (43... Kb4 $15 44. c6 Bc8) 44. Kxc5 $18 {[%emt 0:00:30] Threatens to win with Bc4.} Bc8 45. Bc4 e6 46. b6 {[%emt 0:00:30] White mates.} Ka3 {[%emt 0:00:30] [#]} 47. Bxe6 $1 Bb7 48. Bd5 Bc8 {[%emt 0:00:30] Weighted Error Value: White=0.38/Black=0.71  Loses game:     	---       	Black=2      Missed win:     	White=1     	Black=1      Mistake:       	White=6     	Black=3      Inaccurate:     	White=2     	Black=3      OK:         	White=13    	Black=7      Best:        	---       	Black=2      Strong:       	White=1     	---} 1-0

[Event "Silves Open 2025"]
[Site "Fissul"]
[Date "2025.03.03"]
[Round "3.26"]
[White "Dumont, Andre"]
[Black "Bravo Galvez, Ricardo"]
[Result "1/2-1/2"]
[Annotator "TA"]
[ECO "A13"]
[WhiteElo "1891"]
[BlackElo "2098"]
[PlyCount "129"]
[EventDate "2025.03.03"]
[EventType "swiss"]
[EventCountry "POR"]
[SourceTitle "playchess.com"]
[Source "ChessBase"]
[SourceQuality "1"]
[TimeControl "5400+30"]

1. Nf3 d5 2. e3 Nf6 3. b3 e6 4. Bb2 Be7 5. c4 Nbd7 6. Nc3 {[%emt 0:00:30] A13: English Opening: 1...e6.} c6 7. Qc2 Qc7 8. d4 {[%emt 0:02:33] White has an edge.} b6 9. a4 $146 (9. Bd3 Bb7 10. O-O O-O 11. Rfd1 Rfd8 12. Rac1 Rac8 13. Qe2 c5 14. cxd5 exd5 15. dxc5 bxc5 {1-0 Larchikov,M (1839)-Hariharan,S (1594) Daventry 4NCL op-A 30th 2023 (2)}) 9... Bb7 10. Be2 Bd6 11. Rc1 O-O 12. O-O Rac8 13. Qb1 dxc4 14. bxc4 Rfd8 15. e4 (15. Rfd1 $14) 15... e5 $11 16. d5 Nc5 17. Rfe1 (17. Nd2 $11 {was preferable.}) 17... Qb8 (17... Nb3 $15) 18. Bf1 h6 19. Qa2 Bc7 20. Ba3 Bd6 21. Nd2 Nfd7 22. g3 Bf8 {[%emt 0:02:13] [#]} 23. a5 $1 bxa5 (23... Qc7 24. axb6) 24. Bxc5 Nxc5 25. Qxa5 Qc7 26. Qxc7 Rxc7 27. Ra1 Ra8 28. Na4 f6 (28... a5 $11) 29. Nxc5 Bxc5 30. Nb3 (30. Reb1 $5) 30... Bb4 {[%emt 0:00:42] A strong pair of Bishops.} 31. Red1 (31. Reb1 $5) 31... cxd5 (31... a5 $11 {remains equal.}) 32. exd5 $16 {[%emt 0:00:34][%csl Od5] White has a strong passed pawn} a5 33. d6 (33. c5 $16) 33... Rd7 {[%emt 0:00:23][%cal Oa5a4] aiming for ...a4!.} 34. c5 a4 $2 (34... Bc6 $11) 35. Bb5 $18 Bf3 $2 (35... Rdd8) 36. Bxd7 (36. Rxa4 Rxa4 37. Bxd7 Bxd1 $14) 36... Bxd1 37. Rxa4 $2 (37. Rxd1 $18 axb3 38. c6) 37... Rxa4 $11 38. Bxa4 Bxb3 39. d7 Ba5 40. Bxb3+ $14 {[%emt 0:00:32][%mdl 4096] Endgame KB-KB. White is a pawn up.} Kf8 41. g4 Ke7 42. c6 Kd6 43. Ba4 Kd5 44. Kg2 Bc7 45. h4 e4 {[%emt 0:00:35] [#]} 46. f4 exf3+ 47. Kxf3 Ke5 48. Bc2 Bb6 49. h5 Bc7 50. Ke3 {[%emt 0:01:49] White is more active.} Kd5 (50... Bb6+ $142 51. Kf3 Bc7) 51. Be4+ $16 Ke5 52. Bg6 ({White should try} 52. Kd3 $16) 52... Kd5 53. Be8 Ke5 54. Bf7 Kd6 55. Ke4 {[%emt 0:00:40] White wants to play Be8.} Ke7 (55... Kxc6 $11 56. Be6 Kd6) 56. Be8 Ke6 57. Bg6 (57. Kd4 $142) 57... Bd8 (57... f5+ $16 {is a better defense.} 58. Bxf5+ (58. gxf5+ Kd6 $14) 58... Kd6) 58. Bh7 $2 (58. Kd4 $18) 58... Bc7 $2 (58... f5+ $1 $11 {and Black stays safe.} 59. Bxf5+ (59. gxf5+ Kd6 $11) 59... Kd6) 59. Bg8+ Kd6 60. Kf5 Kxc6 {[%emt 0:00:24] [#]} 61. Ke6 {[%emt 0:01:11] Hoping for Ke7.} Bd8 62. Bh7 (62. Kf7 $18 {is more deadly.}) 62... f5 {[%emt 0:00:19] White is better.} 63. Bxf5 ({But not} 63. gxf5 Bf6 $11) 63... Kc7 64. Kf7 Bf6 65. Ke8 {[%emt 0:12:09] Weighted Error Value: White=0.30/Black=0.33  Loses game:     	---       	Black=2      Missed win:     	White=1     	---        Mistake:       	White=8     	Black=7      Inaccurate:     	White=7     	Black=7      OK:         	White=16    	Black=15     Best:        	White=4     	Black=5} 1/2-1/2

[Event "Silves Open 2025"]
[Site "Fissul"]
[Date "2025.03.03"]
[Round "3.31"]
[White "Opatskyy, Danylo"]
[Black "Sousa, Carlos Fantasia"]
[Result "0-1"]
[Annotator "NA COMBH"]
[ECO "C01"]
[WhiteElo "1490"]
[BlackElo "1752"]
[PlyCount "50"]
[EventDate "2025.03.03"]
[EventType "swiss"]
[EventCountry "POR"]
[SourceTitle "playchess.com"]
[Source "ChessBase"]
[SourceQuality "1"]
[TimeControl "5400+30"]

1. e4 e6 2. d4 d5 3. exd5 exd5 4. Bf4 Nf6 5. Bd3 Bd6 6. Bg5 O-O 7. Ne2 c6 8. O-O Bxh2+ 9. Kh1 Bd6 10. c4 h6 11. Bh4 Bg4 12. f3 Bh5 13. g4 Bg6 14. Bxg6 fxg6 15. cxd5 cxd5 16. Qb3 Qe7 17. Bxf6 Qxf6 18. Qxd5+ Kh7 19. g5 Qe7 20. Nbc3 Rf5 21. Qe4 Qxg5 22. Qg4 Qe3 23. Qe4 Rh5+ 24. Qh4 Rxh4+ 25. Kg2 Rh2# 0-1

[Event "Silves Open 2025"]
[Site "Fissul"]
[Date "2025.03.03"]
[Round "3.33"]
[White "Tolentino, Andre Angelo"]
[Black "Mostafa, Hazem Farouk Mahmoud"]
[Result "0-1"]
[Annotator "NA COMBH"]
[ECO "B08"]
[WhiteElo "1843"]
[BlackElo "1769"]
[PlyCount "51"]
[EventDate "2025.03.03"]
[EventType "swiss"]
[EventCountry "POR"]
[SourceTitle "playchess.com"]
[Source "ChessBase"]
[SourceQuality "1"]
[TimeControl "5400+30"]

1. e4 d6 2. d4 Nf6 3. Nc3 g6 4. Nf3 Bg7 5. Be2 c6 6. O-O Qc7 7. h3 Nbd7 8. Be3 O-O 9. Qd2 Re8 10. Bh6 Bh8 11. Ng5 e5 12. dxe5 dxe5 13. Bc4 Re7 14. f4 b5 15. fxe5 Nxe5 16. Bb3 a5 17. a3 Ba6 18. Rfe1 b4 19. axb4 axb4 20. Ne2 c5 21. Qe3 c4 22. Ba2 Rd8 23. Nf3 Nxf3+ 24. Qxf3 Nxe4 25. Ng3 Bd4+ 26. Kh2 0-1

[Event "Silves Open 2025"]
[Site "Fissul"]
[Date "2025.03.03"]
[Round "3.34"]
[White "Breitkopf, Ilian"]
[Black "Machado, Manuel Antonio Ribei"]
[Result "0-1"]
[Annotator "NA COMBH"]
[ECO "C42"]
[WhiteElo "1671"]
[BlackElo "1796"]
[PlyCount "66"]
[EventDate "2025.03.03"]
[EventType "swiss"]
[EventCountry "POR"]
[SourceTitle "playchess.com"]
[Source "ChessBase"]
[SourceQuality "1"]
[TimeControl "5400+30"]

1. e4 e5 2. Nf3 Nf6 3. Nc3 Bc5 4. Nxe5 Nc6 5. Nf3 d6 6. d4 Bb6 7. a4 O-O 8. Bb5 a6 9. Bxc6 bxc6 10. O-O Bb7 11. Bg5 h6 12. Bf4 Ba5 13. e5 dxe5 14. dxe5 Bxc3 15. Qxd8 Raxd8 16. bxc3 Nd5 17. Bd2 Nb6 18. Be3 Nd7 19. Rab1 Ba8 20. Bf4 Nc5 21. Rb4 Ne6 22. Bg3 c5 23. Rb2 Rd7 24. Ne1 Bd5 25. f4 f5 26. exf6 gxf6 27. Nd3 Rg7 28. f5 Ng5 29. Nxc5 Re8 30. Nxa6 Re2 31. Re1 Rxe1+ 32. Bxe1 Nh3+ 33. Kf1 Bc4# 0-1

[Event "Silves Open 2025"]
[Site "Fissul"]
[Date "2025.03.03"]
[Round "3.35"]
[White "Botelho, Adelino"]
[Black "Ruiz Esteban, Ruben"]
[Result "0-1"]
[Annotator "NA COMBH"]
[ECO "D03"]
[WhiteElo "1550"]
[BlackElo "1655"]
[PlyCount "68"]
[EventDate "2025.03.03"]
[EventType "swiss"]
[EventCountry "POR"]
[SourceTitle "playchess.com"]
[Source "ChessBase"]
[SourceQuality "1"]
[TimeControl "5400+30"]

1. d4 d5 2. Nf3 Nf6 3. Bg5 Ne4 4. Bf4 c5 5. dxc5 Nc6 6. c3 a5 7. e3 Bg4 8. h3 Bh5 9. Be2 e6 10. Nbd2 Nxd2 11. Qxd2 Bxc5 12. g4 Bg6 13. Bg5 Be7 14. Bf4 Bd6 15. Bg5 Qc7 16. Nd4 Nxd4 17. exd4 h6 18. Bb5+ Kf8 19. Be3 Be4 20. f3 Bg3+ 21. Ke2 Bh7 22. h4 Bd6 23. h5 a4 24. b3 axb3 25. axb3 Ke7 26. g5 hxg5 27. Bxg5+ f6 28. Be3 Ra5 29. c4 Rha8 30. Ra4 Rxa4 31. bxa4 dxc4 32. Qc3 Bd3+ 33. Kd2 Qa5 34. Qxa5 Rxa5 0-1

[Event "Silves Open 2025"]
[Site "Fissul"]
[Date "2025.03.03"]
[Round "3.38"]
[White "Goncalves, Nuno Filipe Pocinho"]
[Black "Goncalves, Beatriz M A C Nunes"]
[Result "0-1"]
[Annotator "NA COMBH"]
[ECO "B20"]
[WhiteElo "1731"]
[BlackElo "1458"]
[PlyCount "142"]
[EventDate "2025.03.03"]
[EventType "swiss"]
[EventCountry "POR"]
[SourceTitle "playchess.com"]
[Source "ChessBase"]
[SourceQuality "1"]
[TimeControl "5400+30"]

1. e4 c5 2. a3 Nc6 3. b4 cxb4 4. axb4 Nxb4 5. d4 d5 6. c3 Nc6 7. Nd2 e5 8. exd5 Qxd5 9. Bc4 Qxg2 10. Qf3 Qxf3 11. Ngxf3 exd4 12. cxd4 h6 13. O-O Bb4 14. Bb5 Bd7 15. Ba3 Bxa3 16. Rxa3 O-O-O 17. Rc1 Kb8 18. Bxc6 Bxc6 19. Rb3 Bxf3 20. Nxf3 f6 21. Rbc3 Ne7 22. Kg2 Rc8 23. Nd2 Rxc3 24. Rxc3 Rc8 25. Rg3 Nf5 26. Rd3 g5 27. Ne4 Rd8 28. d5 Nh4+ 29. Kg3 f5 30. Nf6 Ng6 31. d6 Ne5 32. Rd5 f4+ 33. Kg2 Nd7 34. Nxd7+ Rxd7 35. Kf3 b6 36. Ke4 Kb7 37. Ke5 Kc6 38. Ke6 a5 39. Rd1 Ra7 40. d7 Rxd7 41. Rxd7 a4 42. Rd1 b5 43. Rd6+ Kc5 44. Ra6 Kb4 45. Kd5 a3 46. Rxh6 Kb3 47. Kc5 a2 48. Ra6 Kb2 49. Kxb5 a1=Q 50. Rxa1 Kxa1 51. Kc4 Kb2 52. Kd3 Kc1 53. f3 Kd1 54. Ke4 Ke2 55. h4 g4 56. fxg4 f3 57. Kf5 f2 58. Kg5 f1=Q 59. Kh5 Qf7+ 60. Kh6 Qf6+ 61. Kh5 Kf3 62. g5 Qh8+ 63. Kg6 Qxh4 64. Kf6 Kf4 65. Kg7 Qxg5+ 66. Kf7 Qe5 67. Kg8 Qf6 68. Kh7 Qg5 69. Kh8 Kf5 70. Kh7 Kf6 71. Kh8 Qg7# 0-1

[Event "Silves Open 2025"]
[Site "Fissul"]
[Date "2025.03.03"]
[Round "3.39"]
[White "De Oliveira, Victor Gabriel C."]
[Black "Tacuchian, Marcelo Oliveira"]
[Result "0-1"]
[Annotator "TA"]
[ECO "B34"]
[WhiteElo "2176"]
[BlackElo "1620"]
[PlyCount "80"]
[EventDate "2025.03.03"]
[EventType "swiss"]
[EventCountry "POR"]
[SourceTitle "playchess.com"]
[Source "ChessBase"]
[SourceQuality "1"]
[TimeControl "5400+30"]

1. e4 c5 2. Nf3 Nc6 3. d4 cxd4 4. Nxd4 g6 5. Nxc6 bxc6 6. g3 {[%emt 0:00:24] B34: Sicilian: Accelerated Dragon with 5 Nc3: sidelines.} Bg7 7. Bg2 Qb6 8. O-O $146 {[%emt 0:00:29] The position is equal.} (8. a4 Bxb2 9. Bxb2 Qxb2 10. Ra3 Qb4+ 11. Kf1 Ba6+ 12. Kg1 Nf6 13. e5 Ne4 14. Qc1 O-O 15. Re3 Rab8 16. Rb3 Qd4 17. Rd3 Qxf2# {0-1 Morini,S-Correa,B (1492) Catanduva op 2020 (3)}) 8... Ba6 9. Re1 Bd4 10. Qf3 Bxb2 11. Bxb2 {[%emt 0:00:19] White sacrificed a pawn} Qxb2 12. Na3 e6 13. Qb3 Qxb3 14. axb3 d5 15. e5 (15. exd5 $16 cxd5 16. Bxd5) 15... Ne7 16. Nb1 Bb7 17. Ra4 c5 18. c4 O-O 19. cxd5 Bxd5 20. Bxd5 exd5 21. e6 f5 22. Ra5 Rfc8 23. Nd2 Rc6 (23... Rc7 $17 24. Nb1 d4) 24. Nf3 Kg7 25. h4 {[%emt 0:02:25] Black continues to play with concentration.} a6 26. Kg2 Rb8 27. Re3 ({White should play} 27. Ne5 Rxe6 28. Rxc5) 27... Rb5 $17 28. Rxb5 (28. Ra3 {was worth a try.}) 28... axb5 $19 {[%emt 0:00:02][%mdl 4096] Endgame KRN-KRN. Black is a pawn up.} 29. Ng5 (29. Kf1 $142) 29... d4 30. Re5 (30. Rd3) 30... d3 {[%emt 0:00:58] [#]} 31. Kf3 Rd6 32. Re1 c4 33. bxc4 bxc4 {[%emt 0:00:13] And now ...c3 would win.} 34. Nf7 Rd5 35. Rd1 c3 {[%emt 0:00:38] [#] ( -> ...c2)} 36. Ke3 c2 37. Rc1 d2 {[%emt 0:00:20] Black mates.} 38. Rxc2 d1=Q 39. Rc7 Qd3+ 40. Kf4 Qe4+ {[%emt 0:00:38] Weighted Error Value: White=0.97/Black=0.14 (very precise)   Mistake:       	White=5     	Black=2      Inaccurate:     	White=5     	Black=4      OK:         	White=4     	Black=9} 0-1